 Dungeon Crawl Stone Soup version 0.25-a0-341-g6f074c887a (webtiles) character file.

Game seed: 16557857461250336937, levelgen mode: deterministic

214 Lanoc the Sneak (level 6, 0/47 HPs)
             Began as a Formicid Assassin on Dec 30, 2019.
             Was an Elder of Jiyva.
             Slain by an orc wizard
             ... wielding a +0 dagger
              (6 damage)
             ... on level 4 of the Dungeon.
             The game lasted 00:08:42 (3262 turns).

Lanoc the Sneak (Formicid Assassin)                 Turns: 3262, Time: 00:08:43

Health: 0/47       AC:  3    Str: 12    XL:     6   Next: 15%
Magic:  6/6        EV: 13    Int: 12    God:    Jiyva [****..]
Gold:   97         SH:  0    Dex: 18    Spells: 5/5 levels left

rFire    . . .     SeeInvis +   a - +2 dagger
rCold    . . .     Gourm    .   (no shield)
rNeg     . . .     Faith    .   b - +0 robe
rPois    .         Spirit   .   (helmet unavailable)
rElec    .         Reflect  .   c - +0 cloak
rCorr    +         Harm     .   (no gloves)
MR       .....                  (no boots)
Stlth    +++.......             (no amulet)
HPRegen  0.15/turn              (no ring)
MPRegen  0.10/turn              (no ring)

@: lightly drained
A: permanent stasis, dig shafts and tunnels, four strong arms, antennae 3,
clever 1
a: Dig, Shaft Self, Request Jelly, Slimify, Renounce Religion


You were on level 4 of the Dungeon.
You worshipped Jiyva.
Jiyva was greatly pleased with you.
You were not hungry.

You visited 1 branch of the dungeon, and saw 4 of its levels.

You collected 97 gold pieces.

Inventory:

Hand Weapons
 a - a +2 dagger (weapon)
Armour
 b - a +0 robe (worn)
 c - a +0 cloak (worn)
 l - a +0 plate armour
Scrolls
 d - 3 scrolls of magic mapping
 g - a scroll of fog {unknown}
 i - a scroll of enchant weapon {unknown}
 j - a scroll of identify
 k - a scroll of teleportation
Comestibles
 f - 4 rations


   Skills:
 + Level 3.2(3.1) Fighting
 * Level 3.7(3.6) Short Blades
 - Level 2.0(1.8) Throwing
 + Level 2.0(1.9) Dodging
 * Level 6.4(6.3) Stealth


You had 5 spell levels left.
You didn't know any spells.
Your spell library was empty.

Dungeon Overview and Level Annotations

Branches:
Dungeon (4/15)
 Temple: D:4-7

Altars:
Gozag
Jiyva


Innate Abilities, Weirdness & Mutations

You cannot be hasted, slowed, berserked, paralysed or teleported.
You can dig through walls and to a lower floor.
Your four strong arms can wield two-handed weapons with a shield.
You have a pair of large antennae on your head. (SInv)
Your mind is acute. (Int +2)


Message History

The orc wizard is poisoned.
The orc wizard is heavily wounded.
The orc wizard hits you but does no damage.
The orc wizard points at you and mumbles some strange words.
The puff of flame misses you.
The puff of flame hits the orc wizard!
The orc wizard dies!
Throwing (i - inventory)
e - a curare-tipped dart (quivered)
Press: ? - help, Shift-Dir - straight line, f - orc wizard
Aim: an orc wizard, wielding a +0 dagger and wearing a +0 robe You throw a curare-tipped dart.
The curare-tipped dart closely misses the orc wizard.
The curare-tipped dart hits the orc wizard.
The orc wizard is poisoned.
The orc wizard convulses.
The orc wizard seems to slow down.
The orc wizard is severely wounded.
The orc wizard misses you.
You hit the orc wizard.
The orc wizard is lightly wounded.
The orc wizard hits you with a +0 dagger.
You die...

#.##.##.########.# #
....[.......######
###...............##
##..##....O.......
.. #####)....... ..#
#o####... #o# ## #o#
#@# #)# #.. ....
..### ..(# ####


You could see an ogre, 2 orc wizards and an orc.

Vanquished Creatures
  2 orc wizards
  A worker ant (D:2)
  Robin (D:2)
  5 adders
  A worm (D:2)
  3 dart slugs
  A leopard gecko (D:2)
  4 orcs
  2 giant cockroaches
  10 goblins
  4 hobgoblins (D:1)
  5 jackals
  4 kobolds
  A ball python (D:3)
  3 bats
  3 frilled lizards
  5 rats
55 creatures vanquished.

Vanquished Creatures (others)
  An orc priest (D:3)
  An orc wizard (D:4)
  A worm (D:2)
  2 dart slugs (D:2)
  4 orcs (D:3)
  4 bats
  A giant cockroach (D:3)
  3 goblins
  3 hobgoblins
  A quokka (D:3)
  A frilled lizard (D:1)
  3 kobolds
  4 rats
29 creatures vanquished.

Grand Total: 84 creatures vanquished

Notes
Turn   | Place    | Note
-------+----------+-------------------------------------------
     0 | D:1      | Lanoc the Formicid Assassin began the quest for the Orb.
     0 | D:1      | Reached XP level 1. HP: 16/16 MP: 1/1
    84 | D:1      | You fall into a shaft and drop 1 floor!
    85 | D:2      | Reached skill level 1 in Dodging
    85 | D:2      | Reached skill level 5 in Stealth
    86 | D:2      | Noticed a worker ant
    87 | D:2      | Reached XP level 2. HP: 22/22 MP: 2/2
   100 | D:2      | Reached XP level 3. HP: 14/28 MP: 3/3
   155 | D:2      | Found a faded altar of an unknown god.
   159 | D:2      | HP: 1/28 [poisoned by an adder]
   260 | D:2      | Reached XP level 4. HP: 11/34 MP: 4/4
   359 | D:2      | Became a worshipper of Jiyva Jarih the Shapeless
   359 | D:2      | Reached * piety under Jiyva
   364 | D:2      | Noticed Robin
   378 | D:2      | You fall into a shaft and drop 1 floor!
  1596 | D:2      | Reached ** piety under Jiyva
  1965 | D:2      | Killed Robin
  1965 | D:2      | Reached XP level 5. HP: 30/40 MP: 5/5
  1973 | D:2      | Reached *** piety under Jiyva
  2303 | D:2      | Found an opulent altar of Gozag.
  2585 | D:3      | Reached skill level 6 in Stealth
  2683 | D:3      | Reached **** piety under Jiyva
  2948 | D:3      | Gained mutation: Your mind is acute. (Int +2) [Jiyva's
                  | grace]
  3231 | D:4      | Reached XP level 6. HP: 47/47 MP: 6/6
  3259 | D:4      | Noticed an ogre
  3262 | D:4      | Slain by an orc wizard

Levels and vault maps discovered:
D:1:      eino_arrival_cavern_b, layout_basic, minmay_tromino_mix6
D:2:      layout_rooms, nicolae_gozag_seed_capital, serial_forest,
          infiniplex_forest_lined_room_2, infiniplex_forest_lined_1,
          infiniplex_forest_clump_curved, infiniplex_forest_corner_1,
          infiniplex_forest_end_double, infiniplex_forest_straight_1,
          infiniplex_forest_zigzag_1, infiniplex_forest_join,
          infiniplex_forest_clump_long, chequers_ecumenical_altar_simple,
          minmay_misc_feat_encased, uniq_robin
D:3:      layout_basic
D:4:      layout_loops_ring, first_ration, minmay_small_thing

Skill      XL: |  1  2  3  4  5 |
---------------+----------------+-----
Dodging        | 1 2 |  2.0
Stealth        | 5 6 |  6.4
Short Blades   | 3 |  3.7
Fighting       | 3 |  3.2
Throwing       | |  2.0

Action                   |  1- 3 |  4- 6 || total
-------------------------+-------+-------++-------
Melee: Dagger            |    26 |   161 ||   187
Throw: Dart              |    30 |    13 ||    43
 Abil: Dig               |     1 |       ||     1
       Shaft Self        |       |     1 ||     1
  Use: Scroll            |     1 |     1 ||     2
 Stab: Sleeping          |     1 |    13 ||    14
       Distracted        |     1 |       ||     1
  Eat: Chunk             |       |     2 ||     2
Armor: Robe              |    11 |    30 ||    41
Dodge: Dodged            |    21 |   103 ||   124

Table legend:
 A = Non-vault XP
 B = Vault XP
 C = Vault XP percentage of total XP
 D = Non-vault monster count
 E = Vault monster count
 F = Vault count percentage of total count
                 A         B        C        D         E       F
            +---------+---------+-------+---------+---------+-------
      Total |     266 |      41 |  13.4 |      43 |      14 |  24.6
            +---------+---------+-------+---------+---------+-------
        D:1 |      23 |      23 |  50.0 |      14 |      11 |  44.0
        D:2 |      91 |      18 |  16.5 |      13 |       3 |  18.8
        D:3 |      81 |       0 |   0.0 |      10 |       0 |   0.0
        D:4 |      71 |       0 |   0.0 |       6 |       0 |   0.0
            +---------+---------+-------+---------+---------+-------
